AoeStats
← impii

Hill Fort

504286059Analyzed
3v3 RM · 27d ago on Sep 4, 2026· 58m 30s· 6 players
Game mode
Random Map
Map size
Normal (6 player)
Population
200
Speed
Normal
Resources
Standard
Victory
Conquest
Starting age
Dark Age
Ending age
Imperial Age
RankedLock teamsTeams togetherTeam positionsShared explorationLock speedFull tech treeHidden civsTurbo modeCheats
Victory
Defeat
🇩🇪 Mongols · Germany
1137
+12
🇩🇪 Persians · Germany
1123
+12
🇩🇪 Ethiopians · Germany
1029
+16
🇺🇸 Armenians · United States
1073
-15
🇺🇸 Gurjaras · United States
1030
-13
🇨🇦 Aztecs · Canada
1010
-12
Jarl Pajeet_Singh
11:07 Feudal Age
11:14 Feudal Age
9:32 Loom
12:53 Double-Bit Axe
18:06 Wheelbarrow
20:06 Scale Barding Armor
22:34 Castle Age
20:23 Horse Collar
23:54 Bloodlines
23:46 Husbandry
24:18 Hand Cart
23:48 Town Watch
25:39 Bow Saw
25:22 Gold Mining
27:50 Chain Barding Armor
29:37 Town Patrol
29:59 Forging
31:44 Heavy Plow
32:39 Gold Shaft Mining
31:57 Stone Mining
34:23 Iron Casting
35:18 Stone Shaft Mining
44:43 Imperial Age
42:38 Fletching
42:33 Treadmill Crane
43:03 Masonry
43:26 Light Cavalry
45:49 Heavy Camel Rider
47:25 Crop Rotation
48:03 Plate Barding Armor
48:46 Frontier Guards
48:47 Conscription
48:04 Hussar
53:54 Bodkin Arrow
53:59 Murder Holes
54:36 Architecture
56:12 Caravan
Major Bedhead
12:08 Feudal Age
13:24 Loom
16:14 Castle Age
14:59 Stone Mining
14:55 Double-Bit Axe
17:34 Wheelbarrow
17:45 Padded Archer Armor
17:07 Elite Skirmisher
21:00 Fletching
21:31 Bow Saw
21:04 Horse Collar
22:05 Heavy Plow
25:07 Leather Archer Armor
25:31 Hand Cart
26:05 Gold Mining
26:37 Town Watch
32:05 Ballistics
36:49 Imperial Age
36:04 Squires
36:06 Scale Mail Armor
36:16 Forging
37:14 Sanctity
38:41 Elite Jaguar Warrior
39:46 Atlatl
40:07 Garland Wars
40:07 Conscription
40:03 Chain Mail Armor
40:24 Iron Casting
44:09 Blast Furnace
43:40 Plate Mail Armor
45:05 Fervor
45:48 Arson
47:56 Redemption
48:34 Siege Engineers
48:47 Fortified Wall
49:40 Chemistry
48:37 Bodkin Arrow
52:19 Caravan
55:17 Bracer
GLD_PLZ
9:59 Feudal Age
11:01 Man-at-Arms
11:57 Long Swordsman
13:32 Double-Bit Axe
14:23 Scale Mail Armor
15:21 Arson
17:51 Gold Mining
17:55 Pikeman
19:03 Forging
23:17 Castle Age
21:58 Forging
24:13 Chain Mail Armor
25:45 Horse Collar
32:10 Fletching
32:21 Padded Archer Armor
33:24 Elite Skirmisher
34:09 Bodkin Arrow
35:44 Wheelbarrow
36:05 Halberdier
39:21 Imperial Age
37:31 Heavy Plow
39:00 Hand Cart
38:11 Halberdier
40:10 Leather Archer Armor
40:40 Bracer
41:33 Ring Archer Armor
41:25 Two-Handed Swordsman
43:00 Squires
43:50 Fortified Wall
43:34 Champion
49:06 Plate Mail Armor
49:11 Iron Casting
49:45 Gambesons
52:20 Blast Furnace
51:39 Loom
51:39 Town Watch
53:48 Ballistics
54:28 Chemistry
56:11 Scale Barding Armor
LordToto
8:48 Loom
11:55 Feudal Age
10:11 Loom
17:53 Castle Age
16:24 Fletching
18:07 Double-Bit Axe
18:42 Bodkin Arrow
19:05 Crossbowman
21:22 Padded Archer Armor
32:47 Leather Archer Armor
32:30 Horse Collar
33:23 Ballistics
33:47 Thumb Ring
42:19 Imperial Age
42:28 Heavy Plow
42:42 Bow Saw
44:51 Chemistry
43:57 Bracer
44:27 Ring Archer Armor
43:20 Arbalester
45:49 Two-Man Saw
45:26 Conscription
48:38 Capped Ram
Murthag2
10:23 Feudal Age
15:00 Castle Age
12:50 Horse Collar
13:55 Double-Bit Axe
14:24 Loom
15:14 Fletching
17:03 Bow Saw
18:48 Heavy Plow
22:55 Forging
22:48 Bodkin Arrow
25:26 Gold Mining
26:25 Wheelbarrow
27:50 Hand Cart
28:44 Ballistics
30:26 Thumb Ring
31:19 Gold Shaft Mining
31:44 Padded Archer Armor
33:08 Caravan
33:03 Stone Mining
36:59 Imperial Age
34:15 Town Watch
35:25 Town Patrol
35:57 Coinage
35:52 Leather Archer Armor
35:41 Husbandry
35:52 Bloodlines
37:08 Elite Mangudai
37:49 Bracer
38:51 Chemistry
37:35 Capped Ram
38:44 Conscription
38:45 Bloodlines
39:15 Siege Engineers
38:39 Siege Ram
40:36 Parthian Tactics
40:44 Scale Barding Armor
41:17 Nomads
41:42 Drill
40:59 Light Cavalry
42:07 Masonry
42:43 Stone Shaft Mining
42:18 Hussar
44:36 Chain Barding Armor
45:02 Forging
47:18 Iron Casting
50:42 Blast Furnace
57:35 Onager
impii
12:34 Feudal Age
11:57 Loom
17:21 Castle Age
16:17 Bloodlines
23:20 Wheelbarrow
22:38 Town Watch
24:28 Scale Barding Armor
27:13 Chain Barding Armor
33:12 Forging
34:30 Hand Cart
34:15 Town Patrol
35:06 Iron Casting
42:00 Imperial Age
42:16 Cavalier
42:46 Horse Collar
42:55 Double-Bit Axe
43:03 Gold Mining
43:54 Plate Barding Armor
44:20 Blast Furnace
43:28 Squires
43:55 Conscription
43:38 Husbandry
44:34 Savar
Connection lost

Rejoining the realm…

Still unreachable

The connection could not be restored.

Session expired

The server has moved on; the page needs a fresh start.